Sharks vs Predators

Created - May-01-13 at 19:09

Goals
1 2 3 T
Sharks 0 0 2 2
Predators 0 1 0 1
Shots
1 2 3 T
Sharks 10 7 10 27
Predators 1 12 15 28

1st period

No Goal

Penalties :
Johnny Boychuk (SJS) for High sticking (Minor) at 12:16, Mark Stuart (SJS) for Holding (Minor) at 19:37

2nd period

1. Predators , Sean Couturier 1 (Max Pacioretty, Roman Polak) at 9:45

Penalties :
Mark Stuart (SJS) for Tripping (Minor) at 4:07, Roman Polak (NSH) for Interference (Minor) at 14:44, Rostislav Klesla (NSH) for Tripping (Minor) at 17:19

3rd period

2. Sharks , Johnny Boychuk 3 (Johan Franzen, Mike Ribeiro) at 14:06 (PP)
3. Sharks , Johan Franzen 2 (Ian White, Johnny Boychuk) at 19:35 (PP)

Penalties :
Shea Weber (NSH) for Tripping (Minor) at 0:06, Andrew Shaw (SJS) for Holding (Minor) at 7:05, Andrew Ference (SJS) for Hooking (Minor) at 9:25, Max Pacioretty (NSH) for Hooking (Minor) at 12:22, Andrew Ference (SJS) for Roughing (Minor) at 14:32, Raffi Torres (NSH) for Holding (Minor) at 17:26, Braydon Coburn (NSH) for Roughing (Minor) at 17:37

Goalie Stats

Brian Elliott (SJS), 27 saves from 28 shots - (0.964), W, 5-3-1, 60:00 minutes
Pekka Rinne (NSH), 25 saves from 27 shots - (0.926), L, 5-3-0, 59:39 minutes

Players Stats for Sharks

Player Name              G  A  P  +/- PIM S  H  SB GA TA FO     MP     PP MP  PK MP  
------------------------------------------------------------------------------------
Alex Tanguay             0  0  0   0  0   2  0  0  0  0  0/1    19:22   4:25   4:37 
Andrew Ference           0  0  0   0  4   2  3  2  0  0  0/0    21:17   4:26   3:44 
Andrew Shaw              0  0  0   0  2   0  6  0  0  0  0/1    15:04   4:25   0:20 
Eric Belanger            0  0  0   0  0   1  0  1  0  0  10/18  10:34   0:00   7:17 
Ian White                0  1  1  -1  0   1  0  1  0  0  0/0    24:42   5:24   4:44 
Jannik Hansen            0  0  0   0  0   1  1  0  0  0  2/2    10:34   0:00   7:17 
Jaromir Jagr             0  0  0   0  0   0  0  0  0  0  0/1     8:26   0:00   0:00 
Johan Franzen            1  1  2  -1  0   5  1  0  0  0  0/2    21:38   5:25   0:00 
Johnny Boychuk           1  1  2  -1  2   3  1  4  0  0  0/0    25:38   5:24   6:11 
Kyle Wellwood            0  0  0   0  0   1  0  0  0  0  2/6     8:26   0:00   0:00 
Lauri Korpikoski         0  0  0   0  0   1  0  0  0  0  2/4     7:34   0:00   4:17 
Mark Stuart              0  0  0   0  4   0  3  2  0  0  0/0    15:01   0:00   4:00 
Matt Niskanen            0  0  0   0  0   1  3  4  0  0  0/0    15:02   0:00   3:59 
Mike Ribeiro             0  1  1  -1  0   3  0  0  0  0  12/24  21:38   5:25   0:00 
Ryan Malone              0  0  0   0  0   0  2  0  0  0  2/2     8:26   0:00   0:00 
Shane Doan               0  0  0  -1  0   3  3  0  0  0  1/1    21:38   5:25   0:00 
Tomas Kaberle            0  0  0   0  0   0  0  0  0  0  0/0    18:15   4:26   1:10 
Tyler Bozak              0  0  0   0  0   3  2  0  0  0  11/23  14:45   4:25   0:00 

Players Stats for Predators

Player Name              G  A  P  +/- PIM S  H  SB GA TA FO     MP     PP MP  PK MP  
------------------------------------------------------------------------------------
Brandon Prust            0  0  0   0  0   1  1  0  0  0  0/0     9:44   0:00   2:51 
Braydon Coburn           0  0  0   0  2   0  2  1  0  0  0/0    21:45   5:15   4:30 
Deryk Engelland          0  0  0   0  0   0  0  1  0  0  0/0     6:50   0:00   3:31 
Jeff Petry               0  0  0   0  0   0  2  0  0  0  0/0    19:21   5:28   2:02 
Marian Gaborik           0  0  0   0  0   2  0  0  0  0  2/3    17:24   6:57   0:00 
Max Pacioretty           0  1  1   1  2   4  4  0  0  0  1/2    22:31   4:57   0:00 
Mikhail Grabovski        0  0  0   0  0   2  0  0  0  0  11/18  17:40   4:57   0:09 
Nicklas Backstrom        0  0  0   0  0   2  1  0  0  0  17/41  22:29   6:57   5:02 
Patric Hornqvist         0  0  0   0  0   0  0  0  0  0  0/0     0:00   0:00   0:00 
Raffi Torres             0  0  0   0  2   1  1  0  0  0  0/1     9:49   2:07   0:00 
Roman Polak              0  1  1   1  2   2  3  0  0  0  0/0    16:20   1:11   4:28 
Rostislav Klesla         0  0  0   0  2   1  0  4  0  0  0/0    17:56   5:15   0:27 
Sean Couturier           1  0  1   1  0   3  0  1  0  0  9/12   12:07   0:00   3:45 
Shea Weber               0  0  0   0  2   6  2  0  0  0  0/0    19:02   6:39   0:00 
Steven Stamkos           0  0  0   0  0   3  1  0  0  0  3/8    25:32   4:50   0:54 
T.J. Oshie               0  0  0   0  0   1  1  0  0  0  0/0    22:42   4:57   5:11 
Wayne Simmonds           0  0  0   1  0   0  4  0  0  0  0/0     8:22   0:00   0:00 
Zbynek Michalek          0  0  0   1  0   0  0  4  0  0  0/0    18:42   0:00   4:41 

3 Stars

1 - Brian Elliott (SJS)
2 - Johan Franzen (SJS)
3 - Sean Couturier (NSH)

Power Play

Sharks - 2 on 6 Attempt(s) - 33.33%
Predators - 0 on 6 Attempt(s) - 0.00%

Penalty Kill

Sharks - 6 on 6 Attempt(s) - 100.00% - Score 0 goal in Penalty Kill
Predators - 4 on 6 Attempt(s) - 66.67% - Score 0 goal in Penalty Kill

Official

Referees : Chris Lee and Stephane Auger
Linesman : Pierre Racicot and Michel Cormier

Game Notes

No Game Note

Finance

Level 1 -- Attendance: 6500 (100.00%) -- Ticket Income $650,000
Level 2 -- Attendance: 5000 (100.00%) -- Ticket Income $375,000
Level 3 -- Attendance: 3500 (100.00%) -- Ticket Income $192,500
Level 4 -- Attendance: 1113 (100.00%) -- Ticket Income $50,085
Luxury Box -- Attendance: 1000 (100.00%) -- Ticket Income $170,000
Game was played at the Bridgestone Arena
Total Attendance: 17113 (100.00%)
Total Ticket Income: $1,437,585
Other Income: $215,638
Total Income: $1,653,223


% Time on Ice - Sharks

Lines # - Real PCT - Wanted PCT - Time Play
Normal Forward
1 - 42% - 40% - 15:49
2 - 27% - 30% - 10:20
3 - 22% - 20% - 8:26
4 - 9% - 10% - 3:17
Normal Defense
1 - 34% - 40% - 12:42
2 - 35% - 30% - 13:09
3 - 29% - 20% - 11:03
4 - 3% - 10% - 0:58
PP Forward
1 - 55% - 60% - 5:25
2 - 45% - 40% - 4:25
PP Defense
1 - 55% - 60% - 5:24
2 - 45% - 40% - 4:26
PK Forward
1 - 64% - 60% - 7:37
2 - 36% - 40% - 4:17
PK Defense
1 - 39% - 60% - 4:35
2 - 61% - 40% - 7:19
PK3 Forward
1 - 0% - 60%
2 - 0% - 40%
PK3 Defense
1 - 0% - 60%
2 - 0% - 40%
44 Forward
1 - 0% - 60%
2 - 0% - 40%
44 Defense
1 - 0% - 60%
2 - 0% - 40%
Last Minute Offensive  - 0:00
Last Minute Defensive  - 0:24
Total
Forward - 60:00
Defense - 60:00

% Time on Ice - Predators

Lines # - Real PCT - Wanted PCT - Time Play
Normal Forward
1 - 27% - 36% - 10:03
2 - 33% - 33% - 12:34
3 - 22% - 24% - 8:22
4 - 18% - 7% - 6:53
Normal Defense
1 - 32% - 35% - 12:00
2 - 31% - 32% - 11:51
3 - 28% - 25% - 10:42
4 - 9% - 8% - 3:19
PP Forward
1 - 58% - 54% - 6:57
2 - 42% - 46% - 4:57
PP Defense
1 - 56% - 57% - 6:39
2 - 44% - 43% - 5:15
PK Forward
1 - 65% - 54% - 5:11
2 - 35% - 46% - 2:51
PK Defense
1 - 56% - 51% - 4:31
2 - 44% - 49% - 3:31
PK3 Forward
1 - 50% - 52% - 0:54
2 - 50% - 48% - 0:54
PK3 Defense
1 - 100% - 52% - 1:48
2 - 0% - 48% - 0:00
44 Forward
1 - 0% - 56%
2 - 0% - 44%
44 Defense
1 - 0% - 53%
2 - 0% - 47%
Last Minute Offensive  - 0:24
Last Minute Defensive  - 0:00
Total
Forward - 60:00
Defense - 60:00

Play by Play

1st period


0:01 of 1st period - Mike Ribeiro wins face-off versus Nicklas Backstrom in neutral zone.
0:01 of 1st period - Mike Ribeiro is hit by Max Pacioretty.
1:19 of 1st period - Mikhail Grabovski is hit by Andrew Shaw.
1:20 of 1st period - Icing by Mikhail Grabovski.
1:21 of 1st period - Mikhail Grabovski wins face-off versus Kyle Wellwood in Predators zone.
1:21 of 1st period - Mikhail Grabovski is hit by Ryan Malone.
2:19 of 1st period - Shot by Andrew Shaw.
2:19 of 1st period - Shot Misses the Net.
2:21 of 1st period - Shot by Tomas Kaberle.
2:21 of 1st period - Deflect By Andrew Shaw.
2:21 of 1st period - Shot Misses the Net.
2:39 of 1st period - Shot by Andrew Shaw.
2:39 of 1st period - Shot Misses the Net.
2:41 of 1st period - Shot by Andrew Shaw.
2:41 of 1st period - Deflect By Tyler Bozak.
2:41 of 1st period - Stopped by Pekka Rinne without a rebound.
2:42 of 1st period - Sean Couturier wins face-off versus Eric Belanger in Predators zone.
2:59 of 1st period - Icing by Ian White.
3:00 of 1st period - Nicklas Backstrom wins face-off versus Eric Belanger in Sharks zone.
3:11 of 1st period - Shot by Lauri Korpikoski.
3:11 of 1st period - Shot Misses the Net.
3:17 of 1st period - Shot by Jannik Hansen.
3:17 of 1st period - Shot Misses the Net.
3:19 of 1st period - Shot by Eric Belanger.
3:19 of 1st period - Shot Misses the Net.
3:42 of 1st period - Icing by Braydon Coburn.
3:43 of 1st period - Nicklas Backstrom wins face-off versus Mike Ribeiro in Predators zone.
4:00 of 1st period - Shot by Shane Doan.
4:00 of 1st period - Shot Misses the Net.
4:08 of 1st period - Shot by Johan Franzen.
4:08 of 1st period - Shot Misses the Net.
4:22 of 1st period - Shot by Shane Doan.
4:22 of 1st period - Stopped by Pekka Rinne without a rebound.
4:23 of 1st period - Tyler Bozak wins face-off versus Steven Stamkos in Predators zone.
4:26 of 1st period - Shot by Andrew Shaw.
4:26 of 1st period - Shot Misses the Net.
4:35 of 1st period - Tyler Bozak is hit by Roman Polak and loses puck.
5:20 of 1st period - Icing by Zbynek Michalek.
5:21 of 1st period - Mike Ribeiro wins face-off versus Steven Stamkos in Predators zone.
5:52 of 1st period - Shot by Mike Ribeiro.
5:52 of 1st period - Shot Blocked by Rostislav Klesla.
5:58 of 1st period - Shot by Shane Doan.
5:58 of 1st period - Stopped by Pekka Rinne without a rebound.
5:59 of 1st period - Mikhail Grabovski wins face-off versus Kyle Wellwood in Predators zone.
6:25 of 1st period - Icing by Shea Weber.
6:26 of 1st period - Tyler Bozak wins face-off versus Mikhail Grabovski in Predators zone.
6:33 of 1st period - Shea Weber is hit by Andrew Shaw and loses puck.
7:00 of 1st period - Wayne Simmonds is hit by Tyler Bozak and loses puck.
7:59 of 1st period - Ian White is hit by Wayne Simmonds and loses puck.
8:18 of 1st period - Kyle Wellwood is hit by Max Pacioretty.
8:24 of 1st period - Icing by Deryk Engelland.
8:25 of 1st period - Jannik Hansen wins face-off versus Sean Couturier in Predators zone.
8:28 of 1st period - Shot by Lauri Korpikoski.
8:28 of 1st period - Stopped by Pekka Rinne without a rebound.
8:29 of 1st period - Mikhail Grabovski wins face-off versus Tyler Bozak in Predators zone.
8:29 of 1st period - Mikhail Grabovski is hit by Andrew Shaw.
8:34 of 1st period - Rostislav Klesla is hit by Mark Stuart and loses puck.
8:58 of 1st period - T.J. Oshie is hit by Tyler Bozak and loses puck.
9:02 of 1st period - Rostislav Klesla is hit by Andrew Shaw and loses puck.
9:20 of 1st period - Icing by Matt Niskanen.
9:21 of 1st period - Steven Stamkos wins face-off versus Tyler Bozak in Sharks zone.
9:45 of 1st period - Shea Weber is hit by Johan Franzen and loses puck.
10:04 of 1st period - Shot by Johan Franzen.
10:04 of 1st period - Stopped by Pekka Rinne without a rebound.
10:05 of 1st period - Kyle Wellwood wins face-off versus Nicklas Backstrom in Predators zone.
10:06 of 1st period - Shot by Andrew Ference.
10:06 of 1st period - Stopped by Pekka Rinne without a rebound.
10:07 of 1st period - Marian Gaborik wins face-off versus Kyle Wellwood in Predators zone.
10:36 of 1st period - Shot by Jaromir Jagr.
10:36 of 1st period - Shot Misses the Net.
10:55 of 1st period - Icing by Rostislav Klesla.
10:56 of 1st period - Shane Doan wins face-off versus Nicklas Backstrom in Predators zone.
11:10 of 1st period - Icing by Jeff Petry.
11:11 of 1st period - Marian Gaborik wins face-off versus Eric Belanger in Predators zone.
11:25 of 1st period - Shot by Jannik Hansen.
11:25 of 1st period - Stopped by Pekka Rinne without a rebound.
11:26 of 1st period - Mikhail Grabovski wins face-off versus Mike Ribeiro in Predators zone.
12:16 of 1st period - Minor Penalty to Johnny Boychuk for High sticking.
12:17 of 1st period - Nicklas Backstrom wins face-off versus Eric Belanger in Sharks zone.
12:30 of 1st period - Shot by Marian Gaborik.
12:30 of 1st period - Shot Blocked by Mark Stuart.
12:44 of 1st period - Shot by Shea Weber.
12:44 of 1st period - Shot Misses the Net.
15:15 of 1st period - Shot by Kyle Wellwood.
15:15 of 1st period - Stopped by Pekka Rinne without a rebound.
15:16 of 1st period - Tyler Bozak wins face-off versus Nicklas Backstrom in Predators zone.
15:27 of 1st period - Tyler Bozak is hit by Max Pacioretty.
15:28 of 1st period - Icing by Tyler Bozak.
15:29 of 1st period - Tyler Bozak wins face-off versus Mikhail Grabovski in Sharks zone.
15:40 of 1st period - Shot by Andrew Shaw.
15:40 of 1st period - Shot Blocked by Rostislav Klesla.
15:42 of 1st period - Shot by Alex Tanguay.
15:42 of 1st period - Stopped by Pekka Rinne without a rebound.
15:43 of 1st period - Mike Ribeiro wins face-off versus Nicklas Backstrom in Predators zone.
15:48 of 1st period - Shot by Mike Ribeiro.
15:48 of 1st period - Stopped by Pekka Rinne without a rebound.
15:49 of 1st period - Tyler Bozak wins face-off versus Sean Couturier in Predators zone.
15:49 of 1st period - Tyler Bozak is hit by Braydon Coburn.
15:53 of 1st period - Shot by Alex Tanguay.
15:53 of 1st period - Shot Misses the Net.
15:59 of 1st period - Johnny Boychuk is hit by Wayne Simmonds and loses puck.
17:11 of 1st period - Shot by Johan Franzen.
17:11 of 1st period - Shot Misses the Net.
18:11 of 1st period - Shot by Nicklas Backstrom.
18:11 of 1st period - Shot Misses the Net.
18:35 of 1st period - Raffi Torres is hit by Andrew Ference and loses puck.
18:40 of 1st period - Shot by Raffi Torres.
18:40 of 1st period - Stopped by Brian Elliott with a rebound.
19:33 of 1st period - Ryan Malone is hit by Wayne Simmonds and loses puck.
19:37 of 1st period - Minor Penalty to Mark Stuart for Holding.
19:38 of 1st period - Eric Belanger wins face-off versus Nicklas Backstrom in Sharks zone.
19:49 of 1st period - Shot by Nicklas Backstrom.
19:49 of 1st period - Shot Blocked by Johnny Boychuk.

2nd period


0:01 of 2nd period - Nicklas Backstrom wins face-off versus Eric Belanger in neutral zone.
0:45 of 2nd period - Shot by Nicklas Backstrom.
0:45 of 2nd period - Shot Blocked by Johnny Boychuk.
0:47 of 2nd period - Shot by Shea Weber.
0:47 of 2nd period - Stopped by Brian Elliott without a rebound.
0:48 of 2nd period - Lauri Korpikoski wins face-off versus Mikhail Grabovski in Sharks zone.
1:23 of 2nd period - Shot by Rostislav Klesla.
1:23 of 2nd period - Shot Misses the Net.
1:25 of 2nd period - Shot by Braydon Coburn.
1:25 of 2nd period - Shot Misses the Net.
1:47 of 2nd period - Shot by Jaromir Jagr.
1:47 of 2nd period - Shot Misses the Net.
2:01 of 2nd period - Shot by Kyle Wellwood.
2:01 of 2nd period - Shot Blocked by Zbynek Michalek.
2:37 of 2nd period - Shot by Mike Ribeiro.
2:37 of 2nd period - Shot Misses the Net.
4:07 of 2nd period - Minor Penalty to Mark Stuart for Tripping.
4:08 of 2nd period - Eric Belanger wins face-off versus Nicklas Backstrom in Sharks zone.
4:16 of 2nd period - Icing by Nicklas Backstrom.
4:17 of 2nd period - Eric Belanger wins face-off versus Nicklas Backstrom in Predators zone.
4:17 of 2nd period - Jannik Hansen is hit by Shea Weber.
4:22 of 2nd period - Icing by Nicklas Backstrom.
4:23 of 2nd period - Jannik Hansen wins face-off versus Nicklas Backstrom in Predators zone.
4:29 of 2nd period - Icing by Marian Gaborik.
4:30 of 2nd period - Eric Belanger wins face-off versus Nicklas Backstrom in Predators zone.
4:30 of 2nd period - Jannik Hansen is hit by Shea Weber and loses puck.
4:50 of 2nd period - Shot by Shea Weber.
4:50 of 2nd period - Shot Blocked by Eric Belanger.
4:52 of 2nd period - Shot by Shea Weber.
4:52 of 2nd period - Shot Blocked by Andrew Ference.
4:54 of 2nd period - Shot by Shea Weber.
4:54 of 2nd period - Shot Blocked by Andrew Ference.
5:29 of 2nd period - Icing by Rostislav Klesla.
5:30 of 2nd period - Mikhail Grabovski wins face-off versus Lauri Korpikoski in Predators zone.
6:15 of 2nd period - Icing by Mark Stuart.
6:16 of 2nd period - Sean Couturier wins face-off versus Mike Ribeiro in Sharks zone.
6:31 of 2nd period - Wayne Simmonds is hit by Shane Doan and loses puck.
6:37 of 2nd period - Sean Couturier is hit by Mark Stuart and loses puck.
6:41 of 2nd period - Sean Couturier is hit by Mark Stuart and loses puck.
7:21 of 2nd period - Icing by Braydon Coburn.
7:22 of 2nd period - Tyler Bozak wins face-off versus Steven Stamkos in Predators zone.
7:42 of 2nd period - Off-side.
7:43 of 2nd period - Mikhail Grabovski wins face-off versus Jaromir Jagr in neutral zone.
8:45 of 2nd period - Rostislav Klesla is hit by Andrew Shaw and loses puck.
8:54 of 2nd period - Shot by Tyler Bozak.
8:54 of 2nd period - Shot Misses the Net.
8:56 of 2nd period - Shot by Tyler Bozak.
8:56 of 2nd period - Stopped by Pekka Rinne with a rebound.
8:58 of 2nd period - Shot by Alex Tanguay.
8:58 of 2nd period - Stopped by Pekka Rinne with a rebound.
9:00 of 2nd period - Shot by Alex Tanguay.
9:00 of 2nd period - Shot Misses the Net.
9:02 of 2nd period - Shot by Tyler Bozak.
9:02 of 2nd period - Stopped by Pekka Rinne without a rebound.
9:03 of 2nd period - Eric Belanger wins face-off versus Nicklas Backstrom in Predators zone.
9:28 of 2nd period - Shot by Eric Belanger.
9:28 of 2nd period - Stopped by Pekka Rinne without a rebound.
9:29 of 2nd period - Sean Couturier wins face-off versus Mike Ribeiro in Predators zone.
9:29 of 2nd period - Sean Couturier is hit by Shane Doan.
9:39 of 2nd period - Shot by Sean Couturier.
9:39 of 2nd period - Shot Blocked by Johnny Boychuk.
9:43 of 2nd period - Shot by Max Pacioretty.
9:43 of 2nd period - Shot Misses the Net.
9:45 of 2nd period - Shot by Sean Couturier.
9:45 of 2nd period - Goal by Sean Couturier - Sharks : 0 - Predators : 1.
9:46 of 2nd period - Nicklas Backstrom wins face-off versus Andrew Shaw in neutral zone.
9:46 of 2nd period - Shea Weber is hit by Andrew Shaw and loses puck.
9:59 of 2nd period - Shot by Nicklas Backstrom.
9:59 of 2nd period - Stopped by Brian Elliott with a rebound.
10:01 of 2nd period - Shot by Marian Gaborik.
10:01 of 2nd period - Stopped by Brian Elliott with a rebound.
10:03 of 2nd period - Shot by Max Pacioretty.
10:03 of 2nd period - Stopped by Brian Elliott without a rebound.
10:04 of 2nd period - Mike Ribeiro wins face-off versus Steven Stamkos in Sharks zone.
10:08 of 2nd period - Icing by Mike Ribeiro.
10:09 of 2nd period - Mike Ribeiro wins face-off versus Marian Gaborik in Sharks zone.
10:25 of 2nd period - Icing by Mike Ribeiro.
10:26 of 2nd period - Mike Ribeiro wins face-off versus Mikhail Grabovski in Sharks zone.
10:26 of 2nd period - Mike Ribeiro is hit by T.J. Oshie.
11:01 of 2nd period - Icing by Braydon Coburn.
11:02 of 2nd period - Mikhail Grabovski wins face-off versus Tyler Bozak in Predators zone.
11:23 of 2nd period - Andrew Shaw is hit by Steven Stamkos.
11:24 of 2nd period - Icing by Andrew Shaw.
11:25 of 2nd period - Nicklas Backstrom wins face-off versus Tyler Bozak in Sharks zone.
11:30 of 2nd period - Shot by Max Pacioretty.
11:30 of 2nd period - Stopped by Brian Elliott without a rebound.
11:31 of 2nd period - Ryan Malone wins face-off versus Nicklas Backstrom in Sharks zone.
12:06 of 2nd period - Shot by Max Pacioretty.
12:06 of 2nd period - Stopped by Brian Elliott without a rebound.
12:07 of 2nd period - Mikhail Grabovski wins face-off versus Tyler Bozak in Sharks zone.
12:54 of 2nd period - Icing by Andrew Ference.
12:55 of 2nd period - Tyler Bozak wins face-off versus Nicklas Backstrom in Sharks zone.
12:55 of 2nd period - Andrew Ference is hit by Max Pacioretty and loses puck.
13:10 of 2nd period - Shot by Shea Weber.
13:10 of 2nd period - Stopped by Brian Elliott without a rebound.
13:11 of 2nd period - Max Pacioretty wins face-off versus Mike Ribeiro in Sharks zone.
13:12 of 2nd period - Shot by Sean Couturier.
13:12 of 2nd period - Stopped by Brian Elliott without a rebound.
13:13 of 2nd period - Mike Ribeiro wins face-off versus Nicklas Backstrom in Sharks zone.
13:19 of 2nd period - Ian White is hit by Jeff Petry and loses puck.
13:38 of 2nd period - Shot by Johan Franzen.
13:38 of 2nd period - Stopped by Pekka Rinne without a rebound.
13:39 of 2nd period - Eric Belanger wins face-off versus Mikhail Grabovski in Predators zone.
14:11 of 2nd period - Shot by T.J. Oshie.
14:11 of 2nd period - Shot Blocked by Matt Niskanen.
14:13 of 2nd period - Shot by Shea Weber.
14:13 of 2nd period - Stopped by Brian Elliott without a rebound.
14:14 of 2nd period - Nicklas Backstrom wins face-off versus Johan Franzen in Sharks zone.
14:20 of 2nd period - Johnny Boychuk is hit by Roman Polak and loses puck.
14:44 of 2nd period - Minor Penalty to Roman Polak for Interference.
14:45 of 2nd period - Tyler Bozak wins face-off versus Nicklas Backstrom in Predators zone.
14:45 of 2nd period - Andrew Shaw is hit by Braydon Coburn and loses puck.
15:12 of 2nd period - Icing by Tyler Bozak.
15:13 of 2nd period - Nicklas Backstrom wins face-off versus Tyler Bozak in Sharks zone.
16:16 of 2nd period - Shot by Shane Doan.
16:16 of 2nd period - Shot Blocked by Zbynek Michalek.
16:50 of 2nd period - Icing by Jaromir Jagr.
16:51 of 2nd period - Steven Stamkos wins face-off versus Kyle Wellwood in Sharks zone.
17:00 of 2nd period - Shot by Steven Stamkos.
17:00 of 2nd period - Shot Misses the Net.
17:02 of 2nd period - Shot by Brandon Prust.
17:02 of 2nd period - Stopped by Brian Elliott without a rebound.
17:03 of 2nd period - Tyler Bozak wins face-off versus Max Pacioretty in Sharks zone.
17:03 of 2nd period - Tyler Bozak is hit by Wayne Simmonds.
17:19 of 2nd period - Minor Penalty to Rostislav Klesla for Tripping.
17:20 of 2nd period - Nicklas Backstrom wins face-off versus Tyler Bozak in Predators zone.
17:32 of 2nd period - Icing by Andrew Ference.
17:33 of 2nd period - Tyler Bozak wins face-off versus Nicklas Backstrom in Sharks zone.
17:33 of 2nd period - Tyler Bozak is hit by Nicklas Backstrom.
18:23 of 2nd period - Shot by Johnny Boychuk.
18:23 of 2nd period - Stopped by Pekka Rinne without a rebound.
18:24 of 2nd period - Nicklas Backstrom wins face-off versus Mike Ribeiro in Predators zone.
18:45 of 2nd period - Shot by Ian White.
18:45 of 2nd period - Shot Blocked by Zbynek Michalek.
18:47 of 2nd period - Shot by Ian White.
18:47 of 2nd period - Stopped by Pekka Rinne without a rebound.
18:48 of 2nd period - Sean Couturier wins face-off versus Tyler Bozak in Predators zone.
19:32 of 2nd period - Kyle Wellwood is hit by Jeff Petry and loses puck.
19:57 of 2nd period - Shot by Mikhail Grabovski.
19:57 of 2nd period - Stopped by Brian Elliott with a rebound.

3rd period


0:01 of 3rd period - Mike Ribeiro wins face-off versus Nicklas Backstrom in neutral zone.
0:06 of 3rd period - Shot by Mike Ribeiro.
0:06 of 3rd period - Stopped by Pekka Rinne without a rebound.
0:06 of 3rd period - Minor Penalty to Shea Weber for Tripping.
0:07 of 3rd period - Mike Ribeiro wins face-off versus Nicklas Backstrom in Predators zone.
0:08 of 3rd period - Shot by Shane Doan.
0:08 of 3rd period - Stopped by Pekka Rinne with a rebound.
0:10 of 3rd period - Shot by Johnny Boychuk.
0:10 of 3rd period - Shot Misses the Net.
0:32 of 3rd period - Shot by Johnny Boychuk.
0:32 of 3rd period - Shot Misses the Net.
0:34 of 3rd period - Shot by Johan Franzen.
0:34 of 3rd period - Shot Misses the Net.
0:36 of 3rd period - Shot by Ian White.
0:36 of 3rd period - Deflect By Johan Franzen.
0:36 of 3rd period - Stopped by Pekka Rinne with a rebound.
0:38 of 3rd period - Shot by Ian White.
0:38 of 3rd period - Shot Blocked by Braydon Coburn.
2:20 of 3rd period - Shot by Jaromir Jagr.
2:20 of 3rd period - Shot Blocked by Rostislav Klesla.
2:22 of 3rd period - Shot by Matt Niskanen.
2:22 of 3rd period - Stopped by Pekka Rinne without a rebound.
2:23 of 3rd period - Nicklas Backstrom wins face-off versus Eric Belanger in Predators zone.
2:51 of 3rd period - Shot by Marian Gaborik.
2:51 of 3rd period - Stopped by Brian Elliott without a rebound.
2:52 of 3rd period - Steven Stamkos wins face-off versus Tyler Bozak in Sharks zone.
2:52 of 3rd period - Steven Stamkos is hit by Andrew Ference.
3:00 of 3rd period - Shot by Steven Stamkos.
3:00 of 3rd period - Stopped by Brian Elliott without a rebound.
3:01 of 3rd period - Sean Couturier wins face-off versus Mike Ribeiro in Sharks zone.
3:34 of 3rd period - Johan Franzen is hit by Roman Polak and loses puck.
4:08 of 3rd period - Shot by Andrew Ference.
4:08 of 3rd period - Stopped by Pekka Rinne without a rebound.
4:09 of 3rd period - Kyle Wellwood wins face-off versus Mikhail Grabovski in Predators zone.
4:16 of 3rd period - Shea Weber is hit by Ryan Malone and loses puck.
4:31 of 3rd period - Shot by Steven Stamkos.
4:31 of 3rd period - Deflect By Mikhail Grabovski.
4:31 of 3rd period - Shot Blocked by Matt Niskanen.
4:33 of 3rd period - Shot by Shea Weber.
4:33 of 3rd period - Stopped by Brian Elliott with a rebound.
4:35 of 3rd period - Shot by Shea Weber.
4:35 of 3rd period - Shot Misses the Net.
4:37 of 3rd period - Shot by Braydon Coburn.
4:37 of 3rd period - Shot Misses the Net.
4:39 of 3rd period - Shot by Steven Stamkos.
4:39 of 3rd period - Shot Blocked by Mark Stuart.
5:14 of 3rd period - Off-side.
5:15 of 3rd period - Nicklas Backstrom wins face-off versus Mike Ribeiro in neutral zone.
5:44 of 3rd period - Shot by Johan Franzen.
5:44 of 3rd period - Shot Misses the Net.
5:58 of 3rd period - Shot by Ian White.
5:58 of 3rd period - Shot Blocked by Rostislav Klesla.
6:29 of 3rd period - Icing by Zbynek Michalek.
6:30 of 3rd period - Eric Belanger wins face-off versus Raffi Torres in Predators zone.
6:54 of 3rd period - Shot by Steven Stamkos.
6:54 of 3rd period - Stopped by Brian Elliott without a rebound.
6:55 of 3rd period - Mikhail Grabovski wins face-off versus Tyler Bozak in Sharks zone.
7:05 of 3rd period - Minor Penalty to Andrew Shaw for Holding.
7:06 of 3rd period - Mikhail Grabovski wins face-off versus Eric Belanger in Sharks zone.
7:13 of 3rd period - Shot by T.J. Oshie.
7:13 of 3rd period - Shot Blocked by Johnny Boychuk.
7:23 of 3rd period - Shot by Shea Weber.
7:23 of 3rd period - Stopped by Brian Elliott without a rebound.
7:24 of 3rd period - Eric Belanger wins face-off versus Nicklas Backstrom in Sharks zone.
7:44 of 3rd period - Shot by Rostislav Klesla.
7:44 of 3rd period - Stopped by Brian Elliott without a rebound.
7:45 of 3rd period - Eric Belanger wins face-off versus Mikhail Grabovski in Sharks zone.
8:00 of 3rd period - Shot by Shea Weber.
8:00 of 3rd period - Shot Misses the Net.
8:04 of 3rd period - Shot by Shea Weber.
8:04 of 3rd period - Stopped by Brian Elliott without a rebound.
8:05 of 3rd period - Lauri Korpikoski wins face-off versus Nicklas Backstrom in Sharks zone.
8:24 of 3rd period - Shot by Rostislav Klesla.
8:24 of 3rd period - Shot Misses the Net.
8:31 of 3rd period - Steven Stamkos is hit by Johnny Boychuk and loses puck.
8:36 of 3rd period - Shot by Rostislav Klesla.
8:36 of 3rd period - Shot Blocked by Ian White.
9:07 of 3rd period - Shot by Roman Polak.
9:07 of 3rd period - Stopped by Brian Elliott without a rebound.
9:08 of 3rd period - Sean Couturier wins face-off versus Mike Ribeiro in Sharks zone.
9:09 of 3rd period - Shot by Wayne Simmonds.
9:09 of 3rd period - Deflect By Sean Couturier.
9:09 of 3rd period - Stopped by Brian Elliott without a rebound.
9:10 of 3rd period - Sean Couturier wins face-off versus Mike Ribeiro in Sharks zone.
9:10 of 3rd period - Sean Couturier is hit by Andrew Ference.
9:25 of 3rd period - Minor Penalty to Andrew Ference for Hooking.
9:26 of 3rd period - Nicklas Backstrom wins face-off versus Eric Belanger in Sharks zone.
10:05 of 3rd period - Shot by Shea Weber.
10:05 of 3rd period - Shot Blocked by Matt Niskanen.
10:07 of 3rd period - Shot by Nicklas Backstrom.
10:07 of 3rd period - Shot Blocked by Matt Niskanen.
10:09 of 3rd period - Shot by Marian Gaborik.
10:09 of 3rd period - Shot Misses the Net.
11:19 of 3rd period - Shot by Steven Stamkos.
11:19 of 3rd period - Stopped by Brian Elliott without a rebound.
11:20 of 3rd period - Mikhail Grabovski wins face-off versus Lauri Korpikoski in Sharks zone.
11:23 of 3rd period - Shot by Mikhail Grabovski.
11:23 of 3rd period - Stopped by Brian Elliott with a rebound.
11:53 of 3rd period - Shane Doan is hit by Brandon Prust and loses puck.
12:22 of 3rd period - Minor Penalty to Max Pacioretty for Hooking.
12:23 of 3rd period - Tyler Bozak wins face-off versus Nicklas Backstrom in Predators zone.
12:43 of 3rd period - Icing by Ian White.
12:44 of 3rd period - Nicklas Backstrom wins face-off versus Alex Tanguay in Sharks zone.
12:45 of 3rd period - Shot by T.J. Oshie.
12:45 of 3rd period - Stopped by Brian Elliott without a rebound.
12:46 of 3rd period - Nicklas Backstrom wins face-off versus Mike Ribeiro in Sharks zone.
12:59 of 3rd period - Shot by T.J. Oshie.
12:59 of 3rd period - Deflect By Nicklas Backstrom.
12:59 of 3rd period - Shot Misses the Net.
13:01 of 3rd period - Shot by Nicklas Backstrom.
13:01 of 3rd period - Shot Misses the Net.
13:17 of 3rd period - Shot by Nicklas Backstrom.
13:17 of 3rd period - Stopped by Brian Elliott without a rebound.
13:18 of 3rd period - Sean Couturier wins face-off versus Tyler Bozak in Sharks zone.
13:29 of 3rd period - Shot by Tyler Bozak.
13:29 of 3rd period - Shot Misses the Net.
13:31 of 3rd period - Shot by Johnny Boychuk.
13:31 of 3rd period - Stopped by Pekka Rinne without a rebound.
13:32 of 3rd period - Nicklas Backstrom wins face-off versus Mike Ribeiro in Predators zone.
13:41 of 3rd period - Braydon Coburn is hit by Shane Doan and loses puck.
14:04 of 3rd period - Shot by Johan Franzen.
14:04 of 3rd period - Shot Hit the Post.
14:06 of 3rd period - Shot by Johnny Boychuk.
14:06 of 3rd period - Goal by Johnny Boychuk - Sharks : 1 - Predators : 1.
14:07 of 3rd period - Sean Couturier wins face-off versus Tyler Bozak in neutral zone.
14:16 of 3rd period - Shot by Max Pacioretty.
14:16 of 3rd period - Stopped by Brian Elliott with a rebound.
14:27 of 3rd period - Shot by Max Pacioretty.
14:27 of 3rd period - Shot Misses the Net.
14:32 of 3rd period - Minor Penalty to Andrew Ference for Roughing.
14:33 of 3rd period - Eric Belanger wins face-off versus Nicklas Backstrom in Sharks zone.
15:41 of 3rd period - Mikhail Grabovski is hit by Matt Niskanen and loses puck.
15:51 of 3rd period - Mikhail Grabovski is hit by Matt Niskanen and loses puck.
16:01 of 3rd period - T.J. Oshie is hit by Matt Niskanen and loses puck.
16:21 of 3rd period - Marian Gaborik is hit by Jannik Hansen.
17:01 of 3rd period - Shot by Roman Polak.
17:01 of 3rd period - Stopped by Brian Elliott without a rebound.
17:02 of 3rd period - Ryan Malone wins face-off versus Steven Stamkos in Sharks zone.
17:02 of 3rd period - Jaromir Jagr is hit by Raffi Torres and loses puck.
17:26 of 3rd period - Minor Penalty to Raffi Torres for Holding.
17:27 of 3rd period - Mike Ribeiro wins face-off versus Nicklas Backstrom in Predators zone.
17:32 of 3rd period - Shot by Mike Ribeiro.
17:32 of 3rd period - Stopped by Pekka Rinne without a rebound.
17:33 of 3rd period - Mike Ribeiro wins face-off versus Nicklas Backstrom in Predators zone.
17:37 of 3rd period - Minor Penalty to Braydon Coburn for Roughing.
17:38 of 3rd period - Mike Ribeiro wins face-off versus Sean Couturier in Predators zone.
17:41 of 3rd period - Shot by Ian White.
17:41 of 3rd period - Shot Blocked by Sean Couturier.
17:43 of 3rd period - Shot by Johan Franzen.
17:43 of 3rd period - Stopped by Pekka Rinne with a rebound.
17:45 of 3rd period - Shot by Johnny Boychuk.
17:45 of 3rd period - Shot Misses the Net.
17:47 of 3rd period - Shot by Johnny Boychuk.
17:47 of 3rd period - Shot Misses the Net.
18:21 of 3rd period - Shot by Shane Doan.
18:21 of 3rd period - Shot Misses the Net.
18:23 of 3rd period - Shot by Johnny Boychuk.
18:23 of 3rd period - Shot Blocked by Zbynek Michalek.
19:31 of 3rd period - Shot by Ian White.
19:31 of 3rd period - Shot Misses the Net.
19:33 of 3rd period - Shot by Johnny Boychuk.
19:33 of 3rd period - Shot Blocked by Deryk Engelland.
19:35 of 3rd period - Shot by Ian White.
19:35 of 3rd period - Deflect By Johan Franzen.
19:35 of 3rd period - Goal by Johan Franzen - Sharks : 2 - Predators : 1.
19:36 of 3rd period - Nicklas Backstrom wins face-off versus Johan Franzen in neutral zone.
19:39 of 3rd period - Predators, Pekka Rinne is pulled from the net.


Output by the SimonT Hockey Simulator (STHS) for Stephane Roy -- Original Page W3C XHTML 1.0 Valid
Hockey Simulator - Hockey Simulation - Hockey Manager